 Dungeon Crawl Stone Soup version 0.28.0-45-g0d030f2227 (webtiles) character file.

Game seed: 16132251294235876215

1035 CryoSword the Digger (level 8, -4/46 HPs)
             Began as a Gargoyle Earth Elementalist on Apr 16, 2022.
             Slain by a shadow (24 damage)
             ... on level 5 of the Dungeon.
             The game lasted 00:07:17 (6941 turns).

CryoSword the Digger (Gargoyle Earth Elementalist)  Turns: 6941, Time: 00:07:17

Health: -4/46      AC: 10    Str: 11    XL:     8   Next: 24%
Magic:  8/11       EV: 12    Int: 19    God:
Gold:   174        SH:  0    Dex: 10    Spells: 5/11 levels left

rFire   . . .      SeeInvis .   g - +0 mace
rCold   . . .      Faith    .   (no shield)
rNeg    + . .      Spirit   .   m - +0 troll leather armour {Pargi}
rPois   ∞          Reflect  .   d - +0 helmet
rElec   +          Harm     .   (no cloak)
rCorr   .          Rampage  .   (no gloves)
Will    .....                   (no boots)
Stlth   ++........              (no amulet)
HPRegen 0.95/turn               (no ring)
MPRegen 0.12/turn               (no ring)

@: no status effects
A: sickness immunity, AC +5, negative energy resistance 1, electricity
resistance, torment resistance 1, petrification resistance
a: no special abilities


You were on level 5 of the Dungeon.
You visited 1 branch of the dungeon, and saw 6 of its levels.
You also visited: Sewer.

You collected 174 gold pieces.

Inventory:

Hand Weapons
 g - a +0 mace (weapon)
   (You took it off Robin on level 2 of the Dungeon)
Missiles
 c - 73 stones
 h - 17 poisoned darts
 i - a boomerang
Armour
 d - a +0 helmet (worn)
   (You took it off Robin on level 2 of the Dungeon)
 m - a +0 troll leather armour (worn) {Pargi}
   (You found it in a sewer)
Magical Staves
 n - a staff of conjuration
   (You found it on level 5 of the Dungeon)
Scrolls
 e - a scroll of torment {unknown}
 f - 3 scrolls of identify {unknown}
Potions
 a - a potion of curing {unknown}
 b - a potion of mutation {unknown}
 j - 2 potions of might {unknown}
 k - a potion of flight {unknown}
 l - a potion of cancellation {unknown}


   Skills:
 + Level 3.3 Fighting
 * Level 4.2 Maces & Flails
 - Level 3.0 Dodging
 - Level 2.1 Stealth
 - Level 2.0 Spellcasting
 * Level 5.0 Conjurations
 - Level 0.7 Transmutations
 * Level 6.7 Earth Magic


You had 5 spell levels left.
You knew the following spells:

 Your Spells              Type           Power      Damage    Failure   Level
a - Sandblast             Erth           54%        2d13      1%          1
b - Stone Arrow           Conj/Erth      48%        3d10      6%          3
P - Passwall              Tmut/Erth      13%        N/A       8%          2

Your spell library contained the following spells:

 Spells                   Type           Power      Damage    Failure   Level
 Petrify                  Tmut/Erth      16%        N/A       43%         4


Dungeon Overview and Level Annotations

Branches:
Dungeon (6/15)              Sewer (visited)
 Temple: D:4-7

Altars:


Innate Abilities, Weirdness & Mutations

You are immune to sickness and miasma.
Your stone body is resilient. (AC +5)
You are immune to poison.
You resist negative energy. (rN+)
You are resistant to electric shocks. (rElec)
You are resistant to unholy torment.
You are immune to petrification.


Message History

There is an escape hatch in the ceiling here.
The hound closely misses you. A mysterious force pulls you upwards.
The hatch slams shut behind you.
You hit the hound. The hound bites you but does no damage.
The hound closely misses you.
You closely miss the hound. The hound bites you. x2
You sock the hound! The hound barely misses you. x2
You hit the hound.
The hound pauses to sniff the ground.
The hound bites you but does no damage. x2
You closely miss the hound. The hound barely misses you.
You sock the hound!
You kill the hound!
You see here a hound corpse.
There is a stone staircase leading down here.
You climb downwards.
There is a stone staircase leading up here.
Done exploring.
Done exploring.
Done exploring.
There is an open door here.
The gnoll shouts!
You hear a shout!
The gnoll closely misses you. The gnoll barely misses you.
You hit the gnoll but do no damage. The gnoll misses you.
You closely miss the gnoll. The gnoll hits you with a +0 halberd.
The gnoll closely misses you.
Aim: a gnoll, wielding a +0 flail (83% to hit)
The blast of sand hits the gnoll!
The gnoll barely misses you. The gnoll closely misses you.
Aim: a gnoll, wielding a +0 flail (almost dead, 83% to hit)
The blast of sand hits the gnoll!
You kill the gnoll!
The gnoll barely misses you.
Aim: a gnoll, wielding a +0 halberd (83% to hit)
The blast of sand hits the gnoll!
You kill the gnoll!
That would be overly suicidal.
Okay, then.
Unknown command.
Aim: a gnoll, wielding a +0 flail (83% to hit)
The blast of sand hits the gnoll!
You kill the gnoll!
Done exploring.
Done exploring.
Done exploring.
Done exploring.
You see here a +0 flail.
There is an open door here.
There is an escape hatch in the floor here.
There is a stone staircase leading down here.
You climb downwards.
The kobold shouts!
You hear a shout!
There is a stone staircase leading up here.
There are monsters nearby!
There are monsters nearby!
A kobold comes into view. It is wielding a +0 dagger.
A kobold brigand comes into view.
It is wielding a +0 short sword and quivering curare-tipped darts.
A kobold comes into view. It is wielding a +0 whip.
The kobold shouts!
You hear a shout!
The kobold brigand shouts!
You hear a shout!
A kobold comes into view. It is wielding a +0 short sword.
The kobold shouts!
The kobold hits you but does no damage.
You barely miss the kobold. The kobold closely misses you.
A kobold comes into view. It is wielding a +0 short sword.
A shadow comes into view.
The kobold completely misses you.
You thump the kobold!
You kill the kobold!
The kobold throws a poisoned dart.
The poisoned dart hits you! The kobold barely misses you.
You hit the kobold.
The shadow slips into darkness.
The shadow flickers and vanishes!
Deactivating autopickup; reactivate with Ctrl-A.
The kobold closely misses you. The kobold hits you but does no damage.
You barely miss the kobold. The kobold hits you with a +0 dagger.
The kobold hits you but does no damage.
You barely miss the kobold. The kobold hits you but does no damage.
The kobold closely misses you. x2
You closely miss the kobold brigand. The kobold closely misses you.
The kobold hits you with a +0 dagger.
You hit the kobold brigand.
The kobold brigand completely misses you.
The kobold barely misses you. The kobold closely misses you.
The kobold brigand completely misses you.
The kobold barely misses you.
You closely miss the kobold brigand. The kobold barely misses you.
The kobold hits you but does no damage.
The kobold brigand hits you with a +0 short sword.
You hit the kobold brigand. The kobold hits you but does no damage.
The kobold misses you.
The kobold brigand hits you but does no damage.
You barely miss the kobold brigand. Your punch misses the kobold brigand.
The kobold hits you but does no damage.
The kobold brigand hits you with a +0 short sword.
The kobold barely misses you. The kobold hits you but does no damage.
You barely miss the kobold brigand. The kobold hits you but does no damage.
The kobold brigand misses you. The kobold completely misses you.
You hit the kobold brigand. The kobold barely misses you.
The kobold brigand barely misses you. The kobold hits you but does no damage.
The kobold brigand hits you but does no damage.
The kobold hits you but does no damage.
You hit the kobold brigand. The kobold closely misses you.
The kobold brigand hits you but does no damage.
The kobold hits you but does no damage.
You hit the kobold brigand. The kobold barely misses you. x2
The kobold brigand barely misses you.
You hit the kobold brigand. The kobold barely misses you.
The kobold brigand barely misses you. The kobold hits you but does no damage.
You hit the kobold brigand. The kobold barely misses you.
The kobold hits you with a +0 dagger.
The kobold brigand hits you but does no damage.
The kobold barely misses you.
You hit the kobold brigand but do no damage.
The kobold hits you with a +0 dagger.
The kobold brigand hits you with a +0 short sword.
The kobold barely misses you. The kobold misses you.
The kobold brigand barely misses you.
You completely miss the kobold brigand. The kobold hits you but does no damage.
The kobold misses you.
The kobold brigand hits you with a +0 short sword.
You closely miss the kobold brigand. The kobold closely misses you.
The kobold brigand closely misses you. The kobold completely misses you.
There is a stone staircase leading up here.
You hit the kobold.
You kill the kobold!
You barely miss the kobold brigand.
The kobold brigand hits you with a +0 short sword.
You hit the kobold brigand.
You kill the kobold brigand!
Your Conjurations skill increases to level 5!
The shadow strikes at you from the darkness!
Ouch! That really hurt!
* * * LOW HITPOINT WARNING * * *
Reactivating autopickup.
You climb upwards.
There is a stone staircase leading down here.
Aim: a shadow (81% to hit)
The blast of sand hits the shadow.
The shadow hits you.
Aim: a shadow (moderately damaged, 81% to hit)
The blast of sand hits the shadow but does no damage.
The shadow slips into darkness.
The shadow flickers and vanishes!
Deactivating autopickup; reactivate with Ctrl-A.
The blast of sand hits something.
The shadow strikes at you from the darkness!
Ouch! That really hurt!
You die...

#..÷#......#...##..
#...'......'.......
#...#......#...#...
######..>...#...#...
#.........###...##'#
#.........+.........
#.........#.........
#...{.....#........<
#..@......#.....##..
##'########.....##.g
#...............#..
#...............#.g
#...............#..
#.......##.....##g.
#.......##.....##..
#..................
#.....)............


There were no monsters in sight!

Vanquished Creatures
  Pargi (Sewer)
  2 necrophages (D:5)
  A kobold brigand (D:6)
  3 phantoms
  2 orc priests
  4 hounds
  A scorpion zombie (D:5)
  2 orc wizards (D:4)
  Robin (D:2)
  3 gnolls (D:5)
  5 adders
  A shadow imp (D:5)
  A white imp (D:5)
  An ufetubus (D:4)
  4 worms
  3 dart slugs
  8 orcs
  4 bats
  6 endoplasms
  4 giant cockroaches
  15 goblins
  7 hobgoblins
  4 jackals (D:3)
  2 quokkas (D:3)
  7 ball pythons
  2 frilled lizards
  9 kobolds
  6 rats
109 creatures vanquished.

Notes
Turn   | Place    | Note
-------+----------+-------------------------------------------
     0 | D:1      | CryoSword the Gargoyle Earth Elementalist began the quest
                  | for the Orb.
     0 | D:1      | Reached XP level 1. HP: 10/10 MP: 3/3
   241 | D:1      | Reached XP level 2. HP: 16/16 MP: 1/5
   302 | D:1      | Found a faded altar of an unknown god.
   321 | D:1      | Reached skill level 1 in Conjurations
   521 | D:1      | Reached skill level 4 in Earth Magic
  1060 | D:2      | Reached XP level 3. HP: 20/20 MP: 4/6
  1109 | D:2      | Reached skill level 1 in Fighting
  1724 | D:2      | Reached XP level 4. HP: 23/25 MP: 5/7
  1956 | D:2      | Noticed Robin
  2541 | D:2      | Killed Robin
  2542 | D:2      | Reached skill level 1 in Maces & Flails
  3525 | D:3      | Reached XP level 5. HP: 8/30 MP: 5/8
  4765 | D:4      | Reached skill level 5 in Earth Magic
  4765 | D:4      | Reached XP level 6. HP: 20/35 MP: 2/9
  5739 | D:5      | Entered Level 5 of the Dungeon
  5828 | D:5      | Found a glowing drain.
  5847 | Sewer    | Entered a sewer
  5910 | Sewer    | Noticed Pargi
  5914 | Sewer    | Killed Pargi
  5915 | Sewer    | Reached XP level 7. HP: 38/40 MP: 5/10
  6413 | D:5      | Reached skill level 6 in Earth Magic
  6517 | D:5      | Reached XP level 8. HP: 31/46 MP: 7/11
  6596 | D:5      | Learned a level 3 spell: Stone Arrow
  6599 | D:5      | Learned a level 2 spell: Passwall
  6912 | D:6      | Noticed a shadow
  6937 | D:6      | Reached skill level 5 in Conjurations
  6941 | D:5      | Slain by a shadow

Illustrated notes

Levels and vault maps discovered:
D:1:      lemuel_arrival_lava_pool, layout_loops_ring, basic_ecumenical_altar
D:2:      layout_rooms, serial_aquarium, aquarium_bridge_long_separate
          [aquarium_subvault_window, aquarium_subvault_bridge,
          aquarium_subvault_balcony, aquarium_subvault_balcony,
          aquarium_subvault_bridge, aquarium_subvault_bridge],
          aquarium_bridge_square [aquarium_subvault_balcony,
          aquarium_subvault_bridge, aquarium_subvault_balcony,
          aquarium_subvault_bridge], aquarium_window_corner,
          aquarium_window_corner, aquarium_window_2, aquarium_window_fake,
          aquarium_view_2e, aquarium_balcony_double_1, aquarium_pool_side,
          uniq_robin
D:3:      layout_basic, minmay_misc_feat_tiny
D:4:      layout_cave_pods, serial_glass, glass_columns_b, glass_columns_b
D:5:      layout_gridville, cheibrodos_sewer_entry_bend, minivault_19
D:6:      layout_loops_corners, minmay_temple_entry_from_below_a,
          gammafunk_ghost_abyssal_escape, minmay_diced_spiral

Skill      XL: |  1  2  3  4  5  6  7  8 |
---------------+-------------------------+-----
Conjurations   | 1 2 3 4 5 |  5.0
Earth Magic    | 4 5 6 |  6.7
Fighting       | 1 2 3 |  3.3
Dodging        | 2 3 |  3.0
Maces & Flails | 1 2 3 4 |  4.2
Stealth        | |  2.1
Spellcasting   | |  2.0
Transmutations | |  0.7

Action                   |  1- 3 |  4- 6 |  7- 9 || total
-------------------------+-------+-------+-------++-------
Melee: Club              |    27 |    23 |       ||    50
       Mace              |       |   107 |   160 ||   267
       Punch             |       |     2 |     1 ||     3
 Cast: Sandblast         |    49 |    65 |    14 ||   128
  Use: Scroll            |     3 |       |       ||     3
 Stab: Sleeping          |     3 |     1 |       ||     4
Armor: Robe              |    10 |    82 |       ||    92
       Troll leather arm |       |       |    89 ||    89
Dodge: Dodged            |    22 |   134 |   142 ||   298
